 Dungeon Crawl Stone Soup version 0.18.1-6-gd335043 (webtiles) character file.

419 Duskembrace the Firebug (level 6, -13/32 HPs)
             Began as a Deep Elf Fire Elementalist on May 19, 2016.
             Mangled by jedvagenij's ghost (18 damage)
             ... on level 4 of the Dungeon.
             The game lasted 00:09:37 (2656 turns).

Duskembrace the Firebug (DEFE)                      Turns: 2656, Time: 00:09:38

Health: -13/32     AC:  3    Str:  5    XL:     6   Next: 62%
Magic:  11/13      EV:  8    Int: 22    God:
Gold:   157        SH:  0    Dex: 15    Spells: 4 memorised, 2 levels left

rFire  . . .     SeeInvis .     (no weapon)
rCold  . . .     Gourm    .     a - +0 robe
rNeg   + . .     Faith    .     (no shield)
rPois  .         Spirit   .     (no helmet)
rElec  .         Dismiss  .     (no cloak)
rCorr  .         Reflect  .     q - +0 pair of gloves
SustAt .         Harm     .     (no boots)
MR     .....                    (no amulet)
Stlth  ++........               (no ring)
                                d - ring of positive energy

@: not resistant to hostile enchantments, unstealthy
A: no striking features
a: no special abilities


You were on level 4 of the Dungeon.
You were full.

You visited 1 branch of the dungeon, and saw 4 of its levels.

You collected 157 gold pieces.

Inventory:

Armour
 a - a +0 robe (worn)
 q - a +0 pair of gloves (worn)
Jewellery
 d - a ring of positive energy (left hand)
 k - an uncursed ring of loudness
Scrolls
 e - 2 scrolls of remove curse
 h - 2 scrolls of immolation {unknown}
 l - 4 scrolls of magic mapping {unknown}
 o - a scroll of fog {unknown}
 r - a scroll of identify {unknown}
Potions
 g - a potion of brilliance {unknown}
 i - a potion of curing {unknown}
 j - 2 potions of magic {unknown}
 p - a potion of flight {unknown}
 t - 2 potions of might {unknown}
 u - a potion of lignification {unknown}
Books
 b - a book of Flames

   Spells                             Type                      Level
   a - Flame Tongue                   Conjuration/Fire             1
   b - Throw Flame                    Conjuration/Fire             2
   c - Conjure Flame                  Conjuration/Fire             3
   d - Inner Flame                    Hexes/Fire                   3
   e - Sticky Flame                   Conjuration/Fire             4
   f - Fireball                       Conjuration/Fire             5
 m - a Fen Folio

   Spells                             Type                      Level
   a - Corpse Rot                     Necromancy                   2
   b - Stone Arrow                    Conjuration/Earth            3
   c - Leda's Liquefaction            Hexes/Earth                  4
   d - Summon Forest                  Summoning/Translocation      5
   e - Hydra Form                     Transmutation                6
   f - Summon Hydra                   Summoning                    7
Comestibles
 c - 5 bread rations
 f - 2 meat rations


   Skills:
 - Level 2.4 Dodging
 - Level 2.4 Stealth
 + Level 3.5 Spellcasting
 + Level 5.2 Conjurations
 + Level 6.2 Fire Magic


You had 2 spell levels left.
You knew the following spells:

 Your Spells              Type           Power        Failure   Level  Hunger
a - Flame Tongue          Conj/Fire      ####.        1%          1    None
b - Throw Flame           Conj/Fire      ####..       1%          2    ##.....
c - Conjure Flame         Conj/Fire      ####....     3%          3    ###....
d - Sticky Flame          Conj/Fire      ####....     12%         4    ####...


Dungeon Overview and Level Annotations

Branches:
Dungeon (4/15)
 Temple: D:4-7

Altars:
Cheibriados
Fedhas
Gozag
Okawaru
Xom
Yredelemnul

Annotations:
D:4 jedvagenij's ghost, novice DDFi


Message History

Casting: Flame Tongue
Confirm with . or Enter, or press ? or * to list all spells.
Aiming: Flame Tongue
Press: ? - help, Shift-Dir - straight line, f - jedvagenij's ghost
Aim: jedvagenij's ghost The flame tongue hits jedvagenij's ghost.
Jedvagenij's ghost is lightly damaged.
Jedvagenij's ghost hits you!
Casting: Flame Tongue
Confirm with . or Enter, or press ? or * to list all spells.
Aiming: Flame Tongue
Press: ? - help, Shift-Dir - straight line, f/p - jedvagenij's ghost
Aim: jedvagenij's ghost (lightly damaged)
The flame tongue misses jedvagenij's ghost.
Jedvagenij's ghost hits you!
* * * LOW HITPOINT WARNING * * *
Jedvagenij's ghost keens inconsolably.
Jedvagenij's ghost hits you!!
Ouch! That really hurt!
You die...

###############
#......#..W...#
#.≈..≈.#...@.##
+..≈≈..'.....#
+..≈≈..'.....#
#.≈..≈.#.....#
#......#.....#
########.....#
.W....).....#
.#....[.....#
##.........#


You could see jedvagenij's ghost.

Vanquished Creatures
  The ghost of jedvagenij the Shield-Bearer, an amateur FoFi (D:3)
  A phantom (D:3)
  An ogre (D:4)
  4 gnolls
  2 adders
  2 worms (D:2)
  A dart slug (D:1)
  2 giant geckos
  5 orcs
  2 bats
  A giant cockroach (D:3)
  8 hobgoblins
  2 jackals (D:2)
  A quokka (D:2)
  A giant gecko skeleton (D:4)
  A giant newt (D:3)
  6 goblins
  8 kobolds
  3 rats
52 creatures vanquished.

Notes
Turn   | Place    | Note
--------------------------------------------------------------
     0 | D:1      | Duskembrace the Deep Elf Fire Elementalist began the quest for the Orb.
     0 | D:1      | Reached XP level 1. HP: 10/10 MP: 6/6
   217 | D:1      | Reached XP level 2. HP: 15/15 MP: 6/8
   221 | D:1      | Learned a level 2 spell: Throw Flame
   482 | D:2      | Found a snail-covered altar of Cheibriados.
   482 | D:2      | Found a shimmering altar of Xom.
   507 | D:2      | Reached skill level 4 in Fire Magic
   570 | D:2      | Reached XP level 3. HP: 19/19 MP: 5/9
   577 | D:2      | Learned a level 3 spell: Conjure Flame
  1034 | D:2      | Found an opulent altar of Gozag.
  1121 | D:2      | Found a blossoming altar of Fedhas.
  1263 | D:3      | Reached XP level 4. HP: 24/24 MP: 6/10
  1354 | D:3      | Noticed jedvagenij's ghost (amateur FoFi)
  1388 | D:3      | Killed jedvagenij's ghost
  1388 | D:3      | Reached skill level 5 in Fire Magic
  1388 | D:3      | Reached XP level 5. HP: 28/28 MP: 0/11
  1395 | D:3      | Learned a level 4 spell: Sticky Flame
  1714 | D:3      | Found a basalt altar of Yredelemnul.
  2125 | D:3      | Found an iron altar of Okawaru.
  2284 | D:4      | Noticed a phantom
  2402 | D:3      | Killed a phantom
  2402 | D:3      | Reached skill level 5 in Conjurations
  2402 | D:3      | Reached XP level 6. HP: 15/32 MP: 5/12
  2580 | D:4      | Noticed jedvagenij's ghost (novice DDFi)
  2580 | D:4      | Reached skill level 6 in Fire Magic
  2656 | D:4      | Mangled by jedvagenij's ghost

Skill      XL: |  1  2  3  4  5  6 |
---------------+-------------------+-----
Conjurations   | 2 3 4 5 |  5.2
Fire Magic     | 4 5 6 |  6.2
Dodging        | |  2.4
Stealth        | |  2.4
Spellcasting   | |  3.5

Action                   |  1- 3 |  4- 6 || total
-------------------------+-------+-------++-------
Melee: Unarmed           |     1 |     2 ||     3
 Cast: Flame Tongue      |    54 |    62 ||   116
       Throw Flame       |     1 |     1 ||     2
       Conjure Flame     |       |     2 ||     2
       Sticky Flame      |       |     2 ||     2
  Use: Scroll            |     1 |       ||     1
  Eat: Chunk             |     1 |     2 ||     3
       Fruit             |       |     1 ||     1
       Pizza             |       |     1 ||     1
       Meat ration       |       |     1 ||     1
Armor: Robe              |     3 |     6 ||     9
Dodge: Dodged            |    19 |    34 ||    53
